 Dungeon Crawl Stone Soup version 0.21.1-1-g345015f (webtiles) character file.

39 letownia2 the Conjurer (level 3, 0/19 HPs)
             Began as a Tengu Wizard on Mar 5, 2018.
             Succumbed to miscasting Mephitic Cloud's residual poison
             ... on level 4 of the Dungeon.
             The game lasted 00:03:14 (536 turns).

letownia2 the Conjurer (Tengu Wizard)                Turns: 536, Time: 00:03:15

Health: 0/19       AC:  2    Str:  7    XL:     3   Next: 47%
Magic:  3/8        EV: 15    Int: 21    God:
Gold:   49         SH:  0    Dex: 12    Spells: 2/8 levels left

rFire    . . .     SeeInvis .   g - -3 short sword (curse)
rCold    + . .     Gourm    .   (no shield)
rNeg     . . .     Faith    .   a - +0 robe
rPois    .         Spirit   .   b - +0 hat
rElec    .         Reflect  .   (no cloak)
rCorr    .         Harm     .   (no gloves)
MR       .....                  (boots unavailable)
Stlth    ++........             (no amulet)
HPRegen  0.06/turn              (no ring)
MPRegen  0.11/turn              (no ring)

@: lethally poisoned (0 -> -11), flying quickly and evasively, very slightly
contaminated, hasted, very quick
A: beak, talons 3, clever 1, cold resistance 1
a: no special abilities


You were on level 4 of the Dungeon.
You were not hungry.

You visited 1 branch of the dungeon, and saw 4 of its levels.

You collected 49 gold pieces.

Inventory:

Hand Weapons
 g - a cursed -3 short sword (weapon)
Missiles
 e - 6 javelins (quivered)
Armour
 a - a +0 robe (worn)
 b - a +0 hat (worn)
 m - a +2 buckler
Scrolls
 p - a scroll of identify {unknown}
Potions
 k - a potion of resistance {unknown}
 l - a potion of cancellation {unknown}
 n - a potion of curing {unknown}
 o - a potion of degeneration {unknown}
Books
 c - a book of Minor Magic

   Spells                             Type                      Level
   a - Magic Dart                     Conjuration                  1
   b - Blink                          Translocation                2
   c - Call Imp                       Summoning                    2
   d - Slow                           Hexes                        2
   e - Conjure Flame                  Conjuration/Fire             3
   f - Mephitic Cloud                 Conjuration/Poison/Air       3
Comestibles
 d - 3 rations


   Skills:
 - Level 2.1 Dodging
 - Level 2.0 Stealth
 - Level 3.0 Spellcasting
 + Level 4.4 Conjurations
 - Level 1.2 Summonings
   Level 0.7 Translocations
 * Level 0.0 Air Magic


You had 2 spell levels left.
You knew the following spells:

 Your Spells              Type           Power        Failure   Level  Hunger
a - Magic Dart            Conj           ###.         2%          1    None
e - Mephitic Cloud        Conj/Pois/Air  #.......     22%         3    ###....
i - Call Imp              Summ           #.......     12%         2    ##.....


Dungeon Overview and Level Annotations

Branches:
Dungeon (4/15)
 Temple: D:4-7

Altars:
Elyvilon
Gozag
Makhleb


Innate Abilities, Weirdness & Mutations

You have a beak for a mouth.
You have claws for feet.
Your mind is acute. (Int +2)
Your flesh is cold resistant. (rC+)


Message History

Aim: a hound (lightly wounded) That beam is likely to hit you.
Continue anyway?
You miscast Mephitic Cloud.
You hear a crackling sound.
The hound closely misses you.
Casting: Mephitic Cloud
Confirm with . or Enter, or press ? or * to list all spells.
Aiming: Mephitic Cloud
Press: ? - help, Shift-Dir - straight line, f/p - hound
Aim: a hound (lightly wounded) That beam is likely to hit you.
Continue anyway?
You miscast Mephitic Cloud.
You are lethally poisoned!
You feel sick.
* * * LOW HITPOINT WARNING * * *
You feel sick. The hound closely misses you.
Unknown command.
It was a potion of mutation.
You feel extremely strange.
You feel clever.
You feel resistant to cold.
You die...

.. #.## #..# ####.##
##.....### ###........#
##..........###
#..$..h....#..######
.......@..###..##..####
..........#
##........##
.........## ##.........
........## ##..........
........# ##...........
.......##
##............ ####..#
#............. #..
#.............
##........<...


You could see a hound.

Vanquished Creatures
  2 adders
  A worm (D:3)
  A giant cockroach (D:3)
  2 hobgoblins
  2 jackals (D:3)
  6 kobolds
  A bat (D:3)
  A frilled lizard (D:1)
  2 rats
18 creatures vanquished.

Vanquished Creatures (collateral kills)
  An ooze (D:3)
  A giant cockroach (D:3)
  A hobgoblin (D:3)
  2 jackals (D:3)
5 creatures vanquished.

Vanquished Creatures (others)
  A hobgoblin (D:3)
1 creature vanquished.

Grand Total: 24 creatures vanquished

Notes
Turn   | Place    | Note
-------+----------+-------------------------------------------
     0 | D:1      | letownia2 the Tengu Wizard began the quest for the Orb.
     0 | D:1      | Reached XP level 1. HP: 10/10 MP: 5/5
    47 | D:1      | Reached skill level 2 in Conjurations
   136 | D:2      | Found an opulent altar of Gozag.
   156 | D:2      | Found a burning altar of Makhleb.
   176 | D:2      | Reached skill level 3 in Conjurations
   176 | D:2      | Reached XP level 2. HP: 15/15 MP: 4/7
   201 | D:3      | Learned a level 2 spell: Call Imp
   280 | D:3      | Reached XP level 3. HP: 12/19 MP: 1/8
   306 | D:3      | Reached skill level 4 in Conjurations
   308 | D:3      | Found a white marble altar of Elyvilon.
   495 | D:3      | Learned a level 3 spell: Mephitic Cloud
   536 | D:4      | Gained mutation: Your mind is acute. (Int +2) [potion of mutation]
   536 | D:4      | Gained mutation: Your flesh is cold resistant. (rC+) [potion of mutation]
   536 | D:4      | Succumbed to miscasting Mephitic Cloud's residual poison

Skill      XL: |  1  2  3 |
---------------+----------+-----
Conjurations   | 3 4 |  4.4
Dodging        | |  2.1
Stealth        | |  2.0
Spellcasting   | |  3.0
Summonings     | |  1.2
Translocations | |  0.7

Action                   || total
-------------------------++-------
Melee: Unarmed           ||     4
       Peck              ||     1
       Short sword       ||     3
Throw: Javelin           ||    13
 Cast: Magic Dart        ||    31
       Call Imp          ||     5
       Mephitic Cloud    ||     1
  Use: Potion            ||     4
Armor: Robe              ||     4
Dodge: Dodged            ||    25
